 Dungeon Crawl Stone Soup version 0.32-a0-576-g706899e69d (webtiles) character file.

Game seed: 10965907829611717265

21163 juan097 the Severer (level 12, -5/106 (112) HPs)
             Began as a Minotaur Berserker on Mar 1, 2024.
             Was a High Priest of Trog.
             Killed from afar by an orc sorcerer (31 damage)
             ... with a bolt of negative energy
             ... on level 2 of the Orcish Mines.
             The game lasted 00:25:56 (13275 turns).

juan097 the Severer (Minotaur Berserker)           Turns: 13275, Time: 00:25:57

HP:   -5/106 (112)  AC: 16    Str: 32    XL:     12   Next: 51%
MP:   11/11         EV: 11    Int:  4    God:    Trog [*****.]
Gold: 1292          SH:  0    Dex: 11    Spells: 11/11 levels left

rFire   + . .        a - +0 broad axe (flame)
rCold   . . .        (no shield)
rNeg    . . .        p - +0 chain mail
rPois   .            o - +2 hat of Dithmenos's Supremacy {rElec}
rElec   +            (no cloak)
rCorr   .            E - +2 pair of gloves
SInv    .            (no boots)
Will    .....        M - amulet of regeneration Stlth
                     b - +6 ring of strength
HPRegen 1.17/turn    A - ring of protection from fire
MPRegen 0.12/turn

%: no passive effects
@: on berserk cooldown, slowed, drained, very slow
A: horns 2, retaliatory headbutt
a: Renounce Religion, Berserk, Trog's Hand, Brothers in Arms


You were on level 2 of the Orcish Mines.
You worshipped Trog.
Trog was extremely pleased with you.
You visited 3 branches of the dungeon, and saw 14 of its levels.

You collected 1292 gold pieces.

Inventory:

Hand Weapons
 a - a +0 broad axe of flaming (weapon)
 s - a +0 war axe
 S - a +0 hand axe
 V - a +2 hand axe of draining
Missiles
 x - 5 javelins
 B - 11 boomerangs (quivered)
 C - 9 poisoned darts
 G - a throwing net
 R - 3 datura-tipped darts
Armour
 o - the +2 hat of Dithmenos's Supremacy (worn) {rElec}
   (You acquired it on level 7 of the Dungeon)

   rElec:     It insulates you from electricity.
 p - a +0 chain mail (worn)
 y - an orb of wrath
 E - a +2 pair of gloves (worn)
Jewellery
 b - a +6 ring of strength (left hand)
 l - a ring of positive energy
 r - a +6 ring of dexterity
 A - a ring of protection from fire (right hand)
 M - an amulet of regeneration (around neck)
 T - an amulet of the acrobat
 U - the ring "Gigicuagh" {Fly rCorr Int+6}
   (You found it on level 11 of the Dungeon)

   [ring of intelligence]

   Int+6:     It affects your intelligence (+6).
   Fly:       It grants you flight.
   rCorr:     It protects you from acid and corrosion.
Wands
 d - a wand of flame (55)
 f - a wand of polymorph (4)
 J - a wand of iceblast (17)
Scrolls
 g - 4 scrolls of teleportation
 j - 3 scrolls of immolation {unknown}
 m - 4 scrolls of poison {unknown}
 D - a scroll of vulnerability
 F - a scroll of amnesia {unknown}
 H - 4 scrolls of enchant armour
 I - a scroll of enchant weapon {unknown}
 K - 2 scrolls of identify
 L - a scroll of silence {unknown}
 N - 2 scrolls of fog {unknown}
 P - a scroll of fear {unknown}
Potions
 c - 4 potions of might {unknown}
 e - 2 potions of brilliance {unknown}
 h - 3 potions of heal wounds {unknown}
 i - 2 potions of haste {unknown}
 k - 2 potions of enlightenment {unknown}
 n - a potion of invisibility {unknown}
 q - a potion of mutation {unknown}
 t - 4 potions of curing
 u - 2 potions of degeneration {unknown}
 v - a potion of lignification {unknown}
 w - a potion of attraction {unknown}
 O - a potion of resistance {unknown}
 Q - a potion of cancellation {unknown}


   Skills:
 + Level 12.0 Fighting
 + Level 16.0 Axes
 - Level 8.0 Throwing
 + Level 8.1 Armour
 + Level 6.1 Dodging
 - Level 4.0 Stealth
 + Level 4.1 Evocations


You had 11 spell levels left.
You didn't know any spells.
Your spell library was empty.

Dungeon Overview and Level Annotations

Branches:
Dungeon (11/15)            Temple (0/1) D:7            Lair (1/5) D:8
    Orc (2/2) D:11            Elf (0/3) Orc:2

Altars:
Ashenzari
Gozag
Hepliaklqana
Makhleb
Sif Muna
Vehumet
Xom
The Shining One
Beogh
Jiyva

Shops:
D:2 !   D:4 :   Orc:2 *?

Portals:
Trove: D:11 (give 3 potions of resistance)

Annotations:
D:8 exclusion: statue


Innate Abilities, Weirdness & Mutations

You have a pair of horns on your head.
You reflexively headbutt those who attack you in melee.


Message History

As you read the scroll of summoning, it crumbles to dust.
Wisps of shadow whirl around you...
You swap places.
The orc sorcerer barely misses your troll.
Your orc warrior hits the orc sorcerer from afar with a +0 trident!
Your troll bites the orc sorcerer.
Your troll closely misses the orc sorcerer.
Your troll claws the orc sorcerer!
The orc sorcerer hits your troll with a +0 dagger!
Your orc warrior closely misses the orc sorcerer.
The demonspawn barely misses your troll.
The demonspawn claws your troll.
The demonspawn barely misses your troll.
The orc sorcerer closely misses your troll.
Your troll closely misses the demonspawn.
Your troll misses the demonspawn.
Your troll claws the demonspawn but does no damage.
Your orc warrior hits the orc sorcerer from afar with a +0 trident!
The orc sorcerer dies!
Trog accepts your kill.
Trog appreciates your killing of a magic user.
Your life force feels restored.
The demonspawn hits your troll! The demonspawn claws your troll.
The demonspawn gores your troll!
Your troll dies!
Your troll's corpse dissolves into shadows!
Your orc warrior closely misses the demonspawn.
The orc sorcerer hits your orc priest with a +0 dagger.
The demonspawn hits your orc priest. The demonspawn claws your orc priest.
The demonspawn gores your orc priest!
Your orc priest dies!
Your orc priest's corpse dissolves into shadows!
Your orc warrior barely misses the demonspawn.
Your orc closely misses the demonspawn.
The demonspawn misses your orc. The demonspawn barely misses your orc.
The demonspawn gores your orc!
Your orc dies!
Your orc's corpse dissolves into shadows!
The orc sorcerer points at you and mumbles some strange words.
The bolt of negative energy hits you!!
You feel drained.
You die...

#))#.#.....#.#))###..........###.
..##))).#....##))###..........#..
.###...###...###))###............
###...## ##...###.)###...........
##...## ##...###..##......###..
#.43## ##...###).....#...#...
..o## ##..)###....###.###.. #.##.
##.#.###....#### ### )##..#
##@..###[[## # #.##o.#
##.#)###)[[.# 4.##..###
##...###[<#..## ..o##.6#.
##...###.[)#...# ##..3#
...##).o###.).###.## #
#...#.#.#o6.###.....####
####......)).#####....##
..###.#...#.###...#....#
##.###.....###.....##.##


You could see a demonspawn (ally target), an orc sorcerer and a friendly orc
warrior (summoned).

Vanquished Creatures
  3 two-headed ogres
  A sun demon (Orc:2)
  4 orc high priests (Orc:2)
  4 orc knights (Orc:2)
  4 orc sorcerers (Orc:2)
  2 manticores (D:11)
  A kobold blastminer (Orc:1)
  2 cane toads
  A smoke demon (Orc:2)
  A gargoyle (D:11)
  A hellwing (Orc:2)
  A troll (D:10)
  A hornet (D:10)
  A slime creature (D:10)
  A shadow (D:11)
  6 wraiths
  A vampire (D:11)
  4 yaks (D:10)
  Eustachio (D:5)
  A wyvern (D:10)
  3 steam dragons
  5 vampire mosquitoes
  A chaos spawn (Orc:2)
  4 water moccasins
  Duvessa (D:4)
  An ice beast (D:7)
  24 orc warriors
  A sky beast (D:7)
  5 ogres
  3 bullfrogs
  A gnoll sergeant (D:9)
  5 scorpions
  Dowan (D:4)
  15 killer bees
  5 bombardier beetles
  5 jellies
  21 orc priests
  6 hounds
  2 gnoll boudas
  4 sleepcaps
  4 iguanas
  18 orc wizards
  20 gnolls
  9 adders
  2 white imps (D:7)
  2 dart slugs (D:1)
  3 ribbon worms
  65 orcs
  6 bats
  7 endoplasms
  2 giant cockroaches
  5 goblins
  3 hobgoblins
  2 jackals (D:1)
  3 quokkas
  4 ball pythons
  3 frilled lizards
  7 kobolds
  5 rats
324 creatures vanquished.

Vanquished Creatures (collateral kills)
  An orc sorcerer (Orc:2)
1 creature vanquished.

Vanquished Creatures (others)
  An orc (D:9)
1 creature vanquished.

Grand Total: 326 creatures vanquished

Notes
Turn   | Place    | Note
-------+----------+-------------------------------------------
     0 | D:1      | juan097 the Minotaur Berserker began the quest for the Orb.
     0 | D:1      | Reached XP level 1. HP: 19/19 MP: 0/0
   111 | D:1      | Reached XP level 2. HP: 25/27 MP: 1/1
   245 | D:1      | Reached skill level 4 in Axes
  1015 | D:2      | Reached XP level 3. HP: 26/33 MP: 2/2
  1131 | D:2      | Found Iduklaf's Distillery.
  1151 | D:2      | Reached ** piety under Trog
  1362 | D:2      | Reached skill level 1 in Stealth
  2019 | D:3      | Reached XP level 4. HP: 32/40 MP: 3/3
  2252 | D:3      | Reached skill level 5 in Axes
  2254 | D:3      | Reached XP level 5. HP: 30/47 MP: 4/4
  2942 | D:4      | Reached XP level 6. HP: 43/53 MP: 5/5
  3083 | D:4      | Reached skill level 1 in Throwing
  3090 | D:4      | Reached skill level 6 in Axes
  3094 | D:4      | Reached skill level 5 in Fighting
  3198 | D:4      | Reached XP level 7. HP: 61/61 MP: 6/6
  3448 | D:4      | Found Ceuchut's Tremendous Tomes.
  3544 | D:4      | Noticed Dowan
  3545 | D:4      | Noticed Duvessa
  3569 | D:4      | Killed Duvessa
  3572 | D:4      | Killed Dowan
  3864 | D:5      | Entered Level 5 of the Dungeon
  3915 | D:5      | Reached skill level 7 in Axes
  4117 | D:5      | Reached *** piety under Trog
  4279 | D:5      | Noticed Eustachio
  4431 | D:5      | Killed Eustachio
  4432 | D:5      | Reached skill level 5 in Armour
  4432 | D:5      | Reached XP level 8. HP: 46/70 MP: 7/7
  4858 | D:5      | Found a shimmering altar of Xom.
  4988 | D:5      | Found a broken altar of Ashenzari.
  4989 | D:5      | Found a glowing golden altar of the Shining One.
  5242 | D:6      | Reached skill level 8 in Axes
  5408 | D:6      | Found a burning altar of Makhleb.
  5926 | D:6      | Reached skill level 9 in Axes
  5926 | D:6      | Reached XP level 9. HP: 75/78 MP: 8/8
  6299 | D:7      | HP: 2/118 [orc/+0 hand axe (6)]
  6302 | D:7      | Reached skill level 10 in Axes
  6633 | D:7      | Found a staircase to the Ecumenical Temple.
  7012 | D:7      | Reached skill level 11 in Axes
  7508 | D:7      | Identified a scroll of acquirement
  7511 | D:7      | Acquired the +2 hat of Dithmenos's Supremacy {rElec}
  7572 | D:8      | Found a staircase to the Lair.
  7636 | D:8      | Found a radiant altar of Vehumet.
  7671 | D:8      | Reached skill level 12 in Axes
  7864 | D:8      | Reached **** piety under Trog
  8322 | Lair:1   | Entered Level 1 of the Lair of Beasts
  8322 | Lair:1   | Noticed a cane toad
  8332 | D:8      | Killed a cane toad
  8333 | D:8      | Reached skill level 1 in Evocations
  8333 | D:8      | Reached XP level 10. HP: 56/88 MP: 9/9
  8494 | Lair:1   | Noticed a cane toad
  8503 | Lair:1   | Killed a cane toad
  8797 | D:9      | Noticed a two-headed ogre
  8890 | D:9      | Killed a two-headed ogre
  8891 | D:9      | Reached skill level 5 in Dodging
  8949 | D:9      | Reached skill level 5 in Throwing
  9157 | D:9      | Found a shimmering blue altar of Sif Muna.
  9611 | D:9      | Found a hazy altar of Hepliaklqana.
  9655 | D:10     | Entered Level 10 of the Dungeon
  9774 | D:10     | Found a viscous altar of Jiyva.
  9900 | D:10     | Found an opulent altar of Gozag.
 10378 | D:11     | Noticed a gargoyle
 10389 | D:11     | Killed a gargoyle
 10390 | D:11     | Reached XP level 11. HP: 97/97 MP: 10/10
 10433 | D:11     | Found a portal to a secret trove of treasure.
 10673 | D:11     | Reached skill level 13 in Axes
 10917 | D:11     | Identified the ring "Gigicuagh" {Fly rCorr Int+6}
 11001 | D:11     | Reached ***** piety under Trog
 11073 | D:11     | Noticed a two-headed ogre
 11080 | D:11     | Killed a two-headed ogre
 11081 | D:11     | Reached skill level 10 in Fighting
 11305 | D:11     | Found a staircase to the Orcish Mines.
 11572 | Orc:1    | Entered Level 1 of the Orcish Mines
 11643 | Orc:1    | Found a roughly hewn altar of Beogh.
 11772 | Orc:1    | Noticed a two-headed ogre
 11779 | Orc:1    | Killed a two-headed ogre
 11904 | Orc:2    | Entered Level 2 of the Orcish Mines
 11994 | Orc:2    | Noticed an orc sorcerer
 12002 | Orc:2    | Paralysed by an orc sorcerer for 5 turns
 12014 | Orc:2    | Killed an orc sorcerer
 12111 | Orc:2    | Noticed an orc knight
 12236 | Orc:2    | Found a staircase to the Elven Halls.
 12328 | Orc:2    | Killed an orc knight
 12385 | Orc:2    | Reached skill level 14 in Axes
 12387 | Orc:2    | Found Rirhipp's Magic Scroll Shoppe.
 12389 | Orc:2    | Found Helluw's General Store.
 12615 | Orc:2    | Noticed a sun demon
 12626 | Orc:2    | Killed a sun demon
 12766 | Orc:2    | Noticed an orc high priest
 12766 | Orc:2    | Noticed an orc knight
 12876 | Orc:2    | Reached XP level 12. HP: 102/110 MP: 11/11
 13066 | Orc:2    | Killed an orc high priest
 13106 | Orc:2    | Noticed an orc high priest
 13122 | Orc:2    | Killed an orc high priest
 13147 | Orc:2    | Noticed an orc high priest
 13157 | Orc:2    | Killed an orc high priest
 13157 | Orc:2    | Received a gift from Trog
 13158 | Orc:2    | Reached skill level 15 in Axes
 13218 | Orc:2    | Noticed an orc high priest
 13226 | Orc:2    | Killed an orc high priest
 13262 | Orc:2    | Reached skill level 16 in Axes
 13267 | Orc:2    | Noticed a demonspawn
 13275 | Orc:2    | Killed from afar by an orc sorcerer

Illustrated notes

Levels and vault maps discovered:
D:1:      minmay_arrival_up_and_down, layout_basic, dreamdust_mushroom_princess,
          minmay_pentomino_x2
D:2:      layout_rooms, serial_shops, shop, serial_co_window_serial,
          co_window_paths_a, co_window_paths_a, co_window_paths_a,
          co_window_of_opportunity_a, co_window_corner_a,
          co_window_of_opportunity_a, co_window_paths_a,
          co_window_unsneaky_path_b, co_window_broadway_a, co_window_corner_b,
          co_window_of_opportunity_c, glass_columns_a, glass_columns_a,
          glass_columns_c, glass_columns_b, minmay_split_cup_large
D:3:      layout_loops_corners, grunt_ministairs_12
D:4:      minmay_skewed_foursquare, layout_rooms, nicolae_shop_i_like_big_books,
          uniq_duvessa
D:5:      layout_loops_corners, gammafunk_temple_overflow_statue,
          lemuel_coloured_pillars_altar, uniq_eustachio
D:6:      layout_cave_pools, mainiacjoe_overflow_tiny_flanked,
          hangedman_abyss_or_decor_stagger, serial_bayou_pond_c
D:7:      layout_basic, temple_statues, minmay_chambers_of_fives
D:8:      layout_gridville, vehumet_statue, lair_entry_dummy
D:9:      layout_basic, lemuel_tele_altar, mainiacjoe_overflow_catwalk,
          glass_columns_c
D:10:     layout_basic, mainiacjoe_overflow_alcove_4, minmay_misc_feat_rows,
          jiyva_altar_1
D:11:     layout_stronghold, hiddenorc1_lemuel, enter_trove_3
Lair:1:   layout_cave_shapes, uniq_fannar
Orc:1:    layout_caves, basic_altar
Orc:2:    pf_orc_diabolical, layout_caves

Skill      XL: |  1  2  3  4  5  6  7  8  9 10 11 12 |
---------------+-------------------------------------+-----
Axes           | 4 5 6 7 9 12 14 16 | 16.0
Fighting       | 4 5 6 8 9 11 12 | 12.0
Stealth        | 1 2 3 4 |  4.0
Armour         | 3 4 5 6 7 8 |  8.1
Dodging        | 3 4 5 6 |  6.1
Throwing       | 1 2 3 4 5 7 8 |  8.0
Evocations     | 1 3 4 |  4.1

Action                     |  1- 3 |  4- 6 |  7- 9 | 10-12 || total
---------------------------+-------+-------+-------+-------++-------
  Melee: Hand axe          |    80 |    95 |   167 |   247 ||   589
         Headbutt          |     5 |    18 |    64 |    98 ||   185
         War axe           |       |       |   153 |   194 ||   347
         Broad axe         |       |       |       |    32 ||    32
  Throw: Dart              |     1 |     6 |    24 |    11 ||    42
         Throwing net      |       |       |     1 |     2 ||     3
         Boomerang         |       |       |       |    56 ||    56
 Invoke: Berserk           |       |     1 |     3 |     4 ||     8
         Trog's Hand       |       |       |     3 |       ||     3
  Evoke: Wand              |       |       |       |     2 ||     2
    Use: Potion            |       |       |     4 |       ||     4
         Scroll            |       |       |     6 |     6 ||    12
   Stab: Sleeping          |     5 |       |       |       ||     5
 Armour: Animal skin       |    38 |       |       |       ||    38
         Chain mail        |    11 |    62 |   291 |   287 ||   651
  Dodge: Dodged            |    60 |    41 |   211 |   183 ||   495

Table legend: (Time is in decaauts)
 A = Elapsed time spent in this place.
 B = Non-inter-level travel time spent in this place.
 C = Inter-level travel time spent in this place.
 D = Time resting spent in this place.
 E = Time spent auto-exploring this place.
 F = Levels seen in this place.
 G = Mean time per level.
                   A        B        C        D        E       F      G
               +--------+--------+--------+--------+--------+-----+--------+
         Total |  13228 |  12626 |    602 |    440 |   9685 |  14 |  944.9 |
       Dungeon |  11417 |  10869 |    548 |    329 |   8781 |  11 | 1037.9 |
          Lair |    179 |    167 |     12 |      0 |    100 |   1 |  179.0 |
  Orcish Mines |   1631 |   1589 |     42 |    111 |    804 |   2 |  815.5 |
               +--------+--------+--------+--------+--------+-----+--------+

Top non-repeatable levels by time:
     D:5: 1493 daAuts
     D:7: 1283 daAuts
   Orc:2: 1241 daAuts
    D:11: 1227 daAuts
     D:4: 1147 daAuts
     D:8: 1117 daAuts
     D:1: 1037 daAuts
     D:3: 969 daAuts
     D:9: 857 daAuts
     D:2: 822 daAuts
     D:6: 782 daAuts
    D:10: 677 daAuts
   Orc:1: 389 daAuts
  Lair:1: 179 daAuts
